 Dungeon Crawl Stone Soup version 0.32-a0-42-ga30500b4d3 (webtiles) character file.

Game seed: 12355875813518849885

1981 pascalblue the Arsonist (level 9, -1/45 HPs)
             Began as a Deep Elf Fire Elementalist on Jan 29, 2024.
             Was a Believer of Sif Muna.
             Shot with an arrow by a centaur (13 damage)
             ... on level 7 of the Dungeon.
             The game lasted 00:25:09 (7041 turns).

pascalblue the Arsonist (DEFE)                      Turns: 7041, Time: 00:25:11

Health: -1/45      AC:  4    Str:  5    XL:     9   Next: 1%
Magic:  10/21      EV: 12    Int: 25    God:    Sif Muna [**....]
Gold:   377        SH:  0    Dex: 15    Spells: 3/22 levels left

rFire   + + .        c - staff of fire
rCold   x . .        (no shield)
rNeg    . . .        a - +0 robe
rPois   .            (no helmet)
rElec   +            o - scarf {shadows}
rCorr   .            f - +0 pair of gloves
SInv    +            h - +0 pair of boots of the Flute {rElec SInv}
Will    .....        l - amulet of the acrobat
Stlth   ++           g - ring of fire
HPRegen 0.27/turn    (no ring)
MPRegen 0.17/turn

%: acrobat
@: no status effects
A: no striking features
a: Renounce Religion, Channel Magic


You were on level 7 of the Dungeon.
You worshipped Sif Muna.
Sif Muna was pleased with you.
You visited 1 branch of the dungeon, and saw 7 of its levels.
You also visited: Sewer.

You collected 377 gold pieces.

Inventory:

Armour
 a - a +0 robe (worn)
 f - a +0 pair of gloves (worn)
 h - the +0 pair of boots of the Flute (worn) {rElec SInv}
   (You acquired it on level 4 of the Dungeon)

   rElec:     It insulates you from electricity.
   SInv:      It lets you see invisible.
 o - a scarf of shadows (worn)
Magical Staves
 c - a staff of fire (weapon)
Jewellery
 g - a ring of fire (left hand)
 l - an amulet of the acrobat (around neck)
 u - an amulet of faith
Wands
 n - a wand of digging (1)
 t - a wand of light (10)
Scrolls
 j - a scroll of identify
 k - a scroll of amnesia
 q - a scroll of fog
 r - a scroll of teleportation
 s - a scroll of immolation
 v - a scroll of silence {unknown}
 w - a scroll of enchant armour {unknown}
Potions
 b - a potion of mutation {unknown}
 d - 4 potions of might
 e - 3 potions of haste
 i - 2 potions of curing {unknown}
 m - 2 potions of ambrosia
 p - a potion of magic


   Skills:
 - Level 2.4 Dodging
 - Level 2.4 Stealth
 + Level 7.2 Spellcasting
 * Level 7.1 Conjurations
 - Level 3.0 Hexes
 - Level 3.0 Translocations
 * Level 8.6 Fire Magic
 + Level 1.4 Alchemy


You had 3 spell levels left.
You knew the following spells:

 Your Spells              Type           Power      Damage    Failure   Level
a - Foxfire               Conj/Fire      100%       2x1d9     1%          1
b - Scorch                Fire           100%       2d9       1%          2
c - Volatile Blastmotes   Fire/Tloc      100%       2d18      1%          3
d - Inner Flame           Hex/Fire       72%        N/A       1%          3
e - Flame Wave            Conj/Fire      83%        2d18      2%          4
f - Sticky Flame          Fire/Alch      67%        2d11      9%          4
g - Blink                 Tloc           48%        N/A       3%          2

Your spell library contained the following spells:

 Spells                   Type           Power      Damage    Failure   Level
 Apportation              Tloc           48%        N/A       1%          1
 Magic Dart               Conj           100%       1d8       1%          1
 Sting                    Conj/Alch      100%       1d9       1%          1
 Necrotise                Necr           36%        1d5       7%          1
 Summon Small Mammal      Summ           36%        N/A       7%          1
 Call Imp                 Summ           18%        N/A       10%         2


Dungeon Overview and Level Annotations

Branches:
Dungeon (7/15)             Temple (0/1) D:6           Sewer (visited)

Altars:
Fedhas
Okawaru
Qazlal
Sif Muna
Zin


Message History

The centaur shoots an arrow.
The arrow hits you but does no damage.
The centaur shoots an arrow.
The arrow completely misses you.
You have reached level 9!
Your experience leads to an increase in your attributes!
Increase (S)trength, (I)ntelligence, or (D)exterity?
You feel clever. x2
Casting: Scorch (safe; 1% risk of failure)
Confirm with . or Enter, or press ? or * to list all spells.
You feel a strong surge of power!
A cloud of volatile blastmotes flares up around you!
Run!
The cloud of blastmotes explodes!
The concussive blast engulfs the orc!
You kill the orc!
Sif Muna accepts your kill.
You hear a shout!
You hear an angry growl.
You hear an angry hiss.
Casting: Volatile Blastmotes (safe; 1% risk of failure)
Confirm with . or Enter, or press ? or * to list all spells.
You feel a strong surge of power!
A cloud of volatile blastmotes flares up around you!
Run!
The centaur shoots an arrow.
The arrow hits you.
The centaur shoots an arrow.
The arrow hits you!
The centaur shoots an arrow.
The arrow closely misses you.
The centaur shoots an arrow.
The arrow barely misses you.
The centaur shoots an arrow.
The arrow closely misses you.
The centaur shoots an arrow.
The arrow hits you!
The centaur shoots an arrow.
The arrow completely misses you.
Casting: Volatile Blastmotes (safe; 1% risk of failure)
Confirm with . or Enter, or press ? or * to list all spells.
You feel a strong surge of power!
You conjure some foxfire!
The centaur shoots an arrow.
The arrow hits you!
* * * LOW HITPOINT WARNING * * *
Your foxfire dissipates!
The foxfire hits the centaur!
The centaur is moderately wounded.
Casting: Foxfire (safe; 1% risk of failure)
Confirm with . or Enter, or press ? or * to list all spells.
You feel a strong surge of power!
You conjure some foxfire!
The centaur shoots an arrow.
The arrow hits you.
* * * LOW HITPOINT WARNING * * *
The centaur shoots an arrow.
The arrow hits you!
You die...

.......# #........# #........###
..<........###### ##########
.#.###.#........# #....(.... ....
#..o.....# #.........
...#####........########.........
....o.)......§§§§v.......######.#
...#####...c....@####....######.#
...# #########v# #....#....#.#
...# #.#######.#.##.#.# ....
...............>.. ?###
#########....#..... .
......'....#.#...
.######....#..... ##....##..#
###..##..#


You could see a centaur (ally target) and an orc wizard.

Vanquished Creatures
  An orc warrior (D:7)
  2 black bears
  An ogre (D:5)
  A centaur (D:7)
  2 phantoms
  3 kobold brigands (Sewer)
  2 scorpions (D:5)
  2 electric eels (D:6)
  A bombardier beetle (D:5)
  3 hounds
  A jelly (D:5)
  A gnoll bouda (D:6)
  4 orc priests
  3 iguanas
  9 orc wizards
  4 gnolls (D:6)
  11 adders
  A river rat (Sewer)
  A shadow imp (D:5)
  3 white imps
  2 ufetubi (D:5)
  9 ribbon worms
  6 dart slugs
  25 orcs
  15 ball pythons
  16 endoplasms
  8 giant cockroaches
  7 goblins
  4 hobgoblins
  4 jackals
  4 quokkas
  7 bats
  3 frilled lizards (D:1)
  12 kobolds
  8 rats
186 creatures vanquished.

Vanquished Creatures (collateral kills)
  3 foxfires (D:5)
3 creatures vanquished.

Vanquished Creatures (others)
  328 foxfires
328 creatures vanquished.

Grand Total: 517 creatures vanquished

Notes
Turn   | Place    | Note
-------+----------+-------------------------------------------
     0 | D:1      | pascalblue the Deep Elf Fire Elementalist began the quest
                  | for the Orb.
     0 | D:1      | Reached XP level 1. HP: 10/10 MP: 6/6
   135 | D:1      | Reached XP level 2. HP: 15/15 MP: 6/8
   151 | D:1      | Learned a level 2 spell: Scorch
   412 | D:1      | Reached skill level 4 in Fire Magic
   496 | D:1      | Reached XP level 3. HP: 19/19 MP: 5/10
   590 | D:1      | Learned a level 3 spell: Volatile Blastmotes
   594 | D:1      | Learned a level 3 spell: Inner Flame
  1286 | D:2      | Reached XP level 4. HP: 24/24 MP: 9/11
  1672 | D:3      | Reached skill level 1 in Hexes
  1676 | D:3      | HP: 1/24 [orc priest/nerve-wracking pain (12)]
  1686 | D:3      | Reached skill level 1 in Translocations
  1729 | D:3      | Reached XP level 5. HP: 17/28 MP: 1/13
  2259 | D:3      | Reached skill level 5 in Fire Magic
  2493 | D:3      | Found a shimmering blue altar of Sif Muna.
  2497 | D:3      | Became a worshipper of Sif Muna the Loreminder
  2689 | D:3      | Reached XP level 6. HP: 32/32 MP: 11/14
  2742 | D:3      | Learned a level 4 spell: Flame Wave
  3121 | D:4      | Reached * piety under Sif Muna
  3274 | D:4      | Identified a scroll of acquirement
  3274 | D:4      | Acquired the +0 pair of boots of the Flute {rElec SInv}
  3450 | D:4      | Reached skill level 5 in Spellcasting
  3450 | D:4      | Reached skill level 6 in Fire Magic
  3450 | D:4      | Reached XP level 7. HP: 36/36 MP: 11/16
  3590 | D:5      | Entered Level 5 of the Dungeon
  3788 | D:5      | Found an iron altar of Okawaru.
  3802 | D:5      | Found a blossoming altar of Fedhas.
  4388 | D:6      | Found a glowing silver altar of Zin.
  4518 | D:6      | Found a staircase to the Ecumenical Temple.
  4524 | D:6      | Reached skill level 5 in Conjurations
  4524 | D:6      | Reached skill level 7 in Fire Magic
  4627 | D:6      | Reached XP level 8. HP: 39/41 MP: 14/18
  4781 | D:6      | Found a glowing drain.
  4788 | Sewer    | Entered a sewer
  5031 | Sewer    | Reached ** piety under Sif Muna
  5779 | D:6      | Found a stormy altar of Qazlal.
  6102 | D:6      | Reached skill level 8 in Fire Magic
  6473 | D:6      | Learned a level 4 spell: Sticky Flame
  6476 | D:6      | Learned a level 2 spell: Blink
  6582 | D:7      | Identified the +0 ring mail of Hatwachu {Str+5 Stlth+}
  6664 | D:7      | Reached skill level 1 in Alchemy
  7028 | D:7      | Reached XP level 9. HP: 45/45 MP: 15/21
  7041 | D:7      | Shot with an arrow by a centaur

Illustrated notes

Levels and vault maps discovered:
D:1:      roadster_arrival_rocket_small, layout_loops_ring, minmay_heptomino_d4
D:2:      layout_rooms
D:3:      layout_basic, led_sif_book
D:4:      layout_basic
D:5:      layout_basic, mainiacjoe_overflow_big_doors, serial_bayou_lagoon_b
D:6:      layout_rooms, mainiacjoe_overflow_boulevard,
          nicolae_overflow_crystal_walls, minmay_temple_entry_proselytizer,
          mainiacjoe_sewer_entry_somewhere_in_here_2, serial_bayou,
          serial_bayou_lagoon_a, serial_bayou_crossing, serial_bayou_shore_b,
          serial_bayou_shore_b, hangedman_decor_push
D:7:      layout_basic

Skill      XL: |  1  2  3  4  5  6  7  8 |
---------------+-------------------------+-----
Fire Magic     | 4 5 6 7 8 |  8.6
Conjurations   | 2 3 5 7 |  7.1
Hexes          | 1 2 3 |  3.0
Spellcasting   | 4 5 7 |  7.2
Translocations | 1 2 3 |  3.0
Alchemy        | 1 |  1.4
Dodging        | |  2.4
Stealth        | |  2.4

Action                     |  1- 3 |  4- 6 |  7- 9 || total
---------------------------+-------+-------+-------++-------
  Melee: Staff             |     4 |    18 |     5 ||    27
   Cast: Foxfire           |    62 |    74 |    82 ||   218
         Scorch            |     3 |    19 |    72 ||    94
         Volatile Blastmot |       |       |     4 ||     4
         Flame Wave        |       |       |     1 ||     1
    Use: Scroll            |       |    12 |     2 ||    14
         Potion            |       |     1 |     2 ||     3
 Armour: Robe              |    21 |    21 |    48 ||    90
  Dodge: Dodged            |    29 |    31 |    57 ||   117

Table legend: (Time is in decaauts)
 A = Elapsed time spent in this place.
 B = Non-inter-level travel time spent in this place.
 C = Inter-level travel time spent in this place.
 D = Time resting spent in this place.
 E = Time spent auto-exploring this place.
 F = Levels seen in this place.
 G = Mean time per level.
                   A        B        C        D        E       F      G
               +--------+--------+--------+--------+--------+-----+--------+
         Total |   7248 |   7124 |    124 |    225 |   5445 |   8 |  906.0 |
       Dungeon |   6169 |   6045 |    124 |    225 |   4530 |   7 |  881.3 |
         Sewer |   1078 |   1078 |      0 |      0 |    915 |   1 | 1078.0 |
               +--------+--------+--------+--------+--------+-----+--------+

Top non-repeatable levels by time:
     D:6: 1253 daAuts
     D:3: 1180 daAuts
   Sewer: 1078 daAuts
     D:1: 1062 daAuts
     D:5: 811 daAuts
     D:4: 750 daAuts
     D:2: 598 daAuts
     D:7: 512 daAuts
